 Dungeon Crawl Stone Soup version 0.30-a0-283-gf371ce1921 (webtiles) character file.

Game seed: 7825488785038542782

14 MrRokkomies the Sneak (level 2, -1/27 HPs)
             Began as an Armataur Delver on Oct 17, 2022.
             Slain by an orc
             ... wielding a +0 hand axe
              (3 damage)
             ... on level 3 of the Dungeon.
             The game lasted 00:00:55 (86 turns).

MrRokkomies the Sneak (Armataur Delver)               Turns: 86, Time: 00:00:55

Health: -1/27      AC:  6    Str: 17    XL:     2   Next: 31%
Magic:  2/2        EV:  9    Int: 10    God:
Gold:   0          SH:  0    Dex: 11    Spells: 1/1 levels left

rFire   . . .      SeeInvis .    a - +0 hand axe
rCold   . . .      Faith    .    (no shield)
rNeg    . . .      Spirit   .    b - +0 leather armour
rPois   .          Reflect  .    (no helmet)
rElec   .          Harm     .    h - +1 cloak
rCorr   .          Roll     +    (no gloves)
Will    .....                    (no barding)
Stlth   +++.......               (no amulet)
HPRegen 0.24/turn                (no ring)
MPRegen 0.08/turn                (no ring)

@: no status effects
A: large, rugged brown scales 3, deformed body, armoured tail, roll, long
tongue, awkward tongue
a: no special abilities


You were on level 3 of the Dungeon.
You visited 1 branch of the dungeon, and saw 3 of its levels.

Inventory:

Hand Weapons
 a - a +0 hand axe (weapon)
Armour
 b - a +0 leather armour (worn)
 h - a +1 cloak (worn)
Wands
 g - a wand of digging (3)
Scrolls
 c - a scroll of fog
 d - a scroll of magic mapping
 e - a scroll of fear
Potions
 f - a potion of haste


   Skills:
 * Level 3.0 Fighting
 - Level 1.5 Axes
 * Level 1.4 Armour
 + Level 1.5 Dodging
 - Level 5.4 Stealth


You had one spell level left.
You didn't know any spells.
Your spell library was empty.

Dungeon Overview and Level Annotations

Branches:
Dungeon (5/15)
 Temple: D:4-7

Altars:


Innate Abilities, Weirdness & Mutations

You are completely covered in rugged brown scales. (AC +3, +7% HP)
Armour fits poorly on your strangely shaped body.
You have a long armoured tail.
You roll when moving toward enemies. (Rampage)
Your long tongue fully drains potion bottles. (2x potion effects)
Your tongue gives you trouble enunciating. (1.5x scroll delay)


Message History

The giant cockroach bites you but does no damage.
The jackal barely misses you.
You hit the giant cockroach but do no damage.
You closely miss the jackal. The giant cockroach closely misses you.
The jackal bites you but does no damage.
The giant cockroach bites you but does no damage.
The jackal barely misses you.
You hit the giant cockroach.
The giant cockroach is almost dead.
You closely miss the jackal. The jackal barely misses you.
The giant cockroach bites you but does no damage.
You closely miss the giant cockroach. You tail-slap the giant cockroach.
You kill the giant cockroach!
You barely miss the jackal. The jackal barely misses you.
The jackal bites you but does no damage.
The jackal bites you.
* * * LOW HITPOINT WARNING * * *
You hit the jackal but do no damage. You closely miss the jackal.
The jackal bites you.
* * * LOW HITPOINT WARNING * * *
The jackal bites you but does no damage.
The jackal barely misses you.
You barely miss the jackal. x2
The jackal bites you but does no damage. x4
You hit the jackal but do no damage. x2; The jackal closely misses you.
The jackal bites you but does no damage. x2
You hit the jackal. You tail-slap the jackal.
You kill the jackal!
You miss the jackal.
The jackal bites you but does no damage. x2
The orc closely misses you.
You barely miss the orc. You hit the jackal but do no damage.
The jackal bites you but does no damage.
The orc closely misses you. The jackal closely misses you.
You hit the orc.
The orc is moderately wounded.
You hit the jackal but do no damage. The jackal bites you.
* * * LOW HITPOINT WARNING * * *
The orc hits you with a +0 hand axe.
You die...

.# #.#. .....
..... . ......
#..######......
#.....hol.....
#.@# ##.## #..#
#.## #....#
#.#### #. .. #.


You could see an orc, a jackal and a frilled lizard.

Vanquished Creatures
  A white imp (D:3)
  An endoplasm (D:3)
  A giant cockroach (D:3)
  3 jackals (D:3)
  A rat (D:3)
7 creatures vanquished.

Notes
Turn   | Place    | Note
-------+----------+-------------------------------------------
     0 | D:5      | MrRokkomies the Armataur Delver began the quest for the
                  | Orb.
     0 | D:5      | Reached XP level 1. HP: 19/19 MP: 1/1
    64 | D:3      | Reached skill level 1 in Armour
    66 | D:3      | Reached XP level 2. HP: 3/26 MP: 2/2
    71 | D:3      | HP: 1/26 [jackal (2)]
    81 | D:3      | HP: 1/27 [jackal (1)]
    86 | D:3      | Slain by an orc

Illustrated notes

Levels and vault maps discovered:
D:3:      layout_rooms, uniq_ijyb
D:4:      layout_basic, minmay_temple_entry_enclosed_plants, minmay_shop_mass
D:5:      layout_loops_ring, nemelex_diamond_rough_becter,
          gammafunk_ghost_abyssal_escape, serial_bayou_pond_b,
          chequers_serial_rivers_small_b, uniq_grinder

Skill      XL: |  1  2 |
---------------+-------+-----
Armour         | 1 |  1.4
Fighting       | 3 |  3.0
Axes           | |  1.5
Dodging        | |  1.5
Stealth        | |  5.4

Action                   || total
-------------------------++-------
Melee: Hand axe          ||    34
       Punch             ||     2
       Tailslap          ||     4
Armor: Leather armour    ||    34
Dodge: Dodged            ||    26

Table legend: (Time is in decaauts)
 A = Elapsed time spent in this place.
 B = Non-inter-level travel time spent in this place.
 C = Inter-level travel time spent in this place.
 D = Time resting spent in this place.
 E = Time spent auto-exploring this place.
 F = Levels seen in this place.
 G = Mean time per level.
                   A        B        C        D        E       F      G
               +--------+--------+--------+--------+--------+-----+--------+
         Total |     92 |     85 |      7 |      0 |     20 |   3 |   30.7 |
       Dungeon |     92 |     85 |      7 |      0 |     20 |   3 |   30.7 |
               +--------+--------+--------+--------+--------+-----+--------+

Top non-repeatable levels by time:
     D:3: 43 daAuts
     D:5: 27 daAuts
     D:4: 22 daAuts
